 Dungeon Sprint DCSS version 0.22-a0-567-gff9aefc (webtiles) character file.

4900 galech the Brawler (level 10, -2/109 HPs)
             Began as a Troll Monk on June 29, 2018.
             Was an Elder of Okawaru.
             Slain by a fire elemental (7 damage)
             ... summoned by a deep elf mage
             ... in the Dungeon (Sprint III: "The Ten Rune Challenge").
             The game lasted 00:03:44 (947 turns).

galech the Brawler (Troll Monk)                      Turns: 947, Time: 00:03:45

Health: -2/109     AC: 10    Str: 26    XL:     10   Next: 27%
Magic:  8/9        EV: 15    Int:  6    God:    Okawaru [****..]
Gold:   2689       SH:  0    Dex: 12    Spells: 9/9 levels left

rFire    . . .     SeeInvis .     - Unarmed
rCold    . . .     Gourm    +   (no shield)
rNeg     . . .     Faith    .   j - +2 robe {Archmagi}
rPois    .         Spirit   .   (helmet restricted)
rElec    .         Reflect  .   k - +0 cloak
rCorr    .         Harm     .   (gloves unavailable)
MR       .....     NoTele   +   (boots unavailable)
Stlth    ++........             (no amulet)
HPRegen  0.68/turn              (no ring)
MPRegen  0.11/turn              (no ring)

@: no status effects
A: large, unfitting armour, claws 3, thin metallic scales 1, fast metabolism 3,
gourmand, regeneration 1, shaggy fur 1, strong 1, tough skin 2
a: Heroism, Renounce Religion


You were in the Dungeon.
You worshipped Okawaru.
Okawaru was greatly pleased with you.
You were completely stuffed.

You visited 1 branch You collected 2689 gold pieces.

Inventory:

Armour
 j - a +2 robe of the Archmagi (worn)
 k - a +0 cloak (worn)
Wands
 r - a wand of digging (17)
Scrolls
 h - a scroll of blinking
 i - 2 scrolls of remove curse {unknown}
 l - a scroll of torment {unknown}
 m - 4 scrolls of identify
 o - a scroll of immolation {unknown}
Potions
 d - a potion of heal wounds
 e - a potion of haste
 f - 2 potions of magic
 g - 2 potions of berserk rage
 n - 4 potions of flight
 p - 5 potions of mutation
 q - a potion of might
Miscellaneous
 s - a phantom mirror
Comestibles
 b - 5 rations
 c - 12 chunks of flesh


   Skills:
 + Level 9.6 Fighting
 + Level 10.6 Dodging
 + Level 3.8 Stealth
 + Level 16.6 Unarmed Combat
 + Level 1.2 Invocations


You had 9 spell levels left.
You didn't know any spells.
Your spell library contained the following spells:

 Spells                   Type           Power        Failure   Level  Hunger
 Magic Dart               Conj           #...         45%         1    ##.....
 Conjure Flame            Conj/Fire      #.......     83%         3    ####...
 Slow                     Hex            #.......     58%         2    ###....
 Mephitic Cloud           Conj/Pois/Air  #.......     83%         3    ####...
 Blink                    Tloc           N/A          58%         2    ###....
 Call Imp                 Summ           #.......     58%         2    ###....


Dungeon Overview and Level Annotations

Branches:
Dungeon (1/1)

Altars:
Cheibriados
Dithmenos
Elyvilon
Fedhas
Gozag
Hepliaklqana
Kikubaaqudgha
Makhleb
Nemelex Xobeh
Okawaru
Qazlal
Ru
Sif Muna
Trog
Uskayaw
Vehumet
Wu Jian
Xom
Yredelemnul
Zin
The Shining One
Beogh
Jiyva
Lugonu

Shops:
D (


Innate Abilities, Weirdness & Mutations

You are too large for most types of armour.
You have claws for hands.
Your metabolism is lightning-fast.
You like to eat raw meat.
Your natural rate of healing is unusually fast.
You are covered in fur. (AC +1)
You have very tough skin. (AC +2)
You are partially covered in thin metallic scales. (AC +2)
Your muscles are strong. (Str +2)


Message History

The fire elemental burns you!
There is an entrance to Naulowoi's Weapon Shop here.
Things that are here:
a dagger; a leather armour You closely miss the deep elf mage.
The fire elemental closely misses you.
The deep elf mage hits you with a rapier!
The fire elemental hits you. The fire elemental burns you!
* * * LOW HITPOINT WARNING * * *
The deep elf mage shouts!
You claw the deep elf mage! Your claw misses the deep elf mage.
The deep elf mage is lightly wounded.
The fire elemental hits you. The fire elemental burns you!
* * * LOW HITPOINT WARNING * * *
You mangle the deep elf mage!!
The deep elf mage is severely wounded.
The fire elemental hits you. The fire elemental burns you!
* * * LOW HITPOINT WARNING * * *
The deep elf mage misses you. The fire elemental hits you.
The fire elemental burns you!
You die...

▓▓▓ ▓▓▓▓▓
############.###...#######
_#___#__##.#..#E@.)'.#...#
.#__.#._#......eE.##.#...#
'#'###'##........#.# #e..≈
..).....#).)).)....# .ee#
....[...#[#).##.#### ..#
.######'#.)#.###..# ##
.#__#.).#†#####################
.#__#...#.)).#.#.#)....#......+
##__#.).##.#..#.##.###)#......#


You could see a deep elf mage and 2 fire elementals.

Vanquished Creatures
  Erolcha (D)
  A deep elf knight (D)
  An orc sorcerer (D)
  2 deep elf magi (D)
  A shadow (D)
  2 redbacks (D)
  A spatial vortex (D)
  4 orc warriors (D)
  A necrophage (D)
  5 two-headed ogres (D)
  A water elemental (D)
  A jelly (D)
  2 orc priests (D)
  A wizard (D)
  Crazy Yiuf (D)
  2 orc wizards (D)
  Jessica (D)
  A necromancer (D)
  3 humans (D)
  A kobold demonologist (D)
  An ooze (D)
  9 orcs (D)
  A rat (D)
44 creatures vanquished.

Vanquished Creatures (others)
  2 draconian scorchers (D)
  6 hellions (D)
  3 yaktaurs (D)
11 creatures vanquished.

Grand Total: 55 creatures vanquished

Notes
Turn   | Place    | Note
-------+----------+-------------------------------------------
     0 | D        | galech the Troll Monk began the quest for the Orb.
     0 | D        | Reached XP level 1. HP: 22/22 MP: 0/0
    14 | D        | Noticed Jessica
    22 | D        | Killed Jessica
    22 | D        | Reached skill level 4 in Unarmed Combat
    22 | D        | Reached XP level 2. HP: 29/32 MP: 1/1
    22 | D        | Reached XP level 3. HP: 35/39 MP: 2/2
    63 | D        | Reached skill level 5 in Unarmed Combat
    82 | D        | Killed a yaktaur
   105 | D        | Noticed Crazy Yiuf
   107 | D        | Killed a yaktaur
   109 | D        | Killed Crazy Yiuf
   109 | D        | Reached XP level 4. HP: 49/49 MP: 3/3
   136 | D        | Gained mutation: You are partially covered in thin metallic scales. (AC +2) [potion of mutation]
   136 | D        | Gained mutation: Your muscles are strong. (Str +2) [potion of mutation]
   151 | D        | Noticed a water elemental
   157 | D        | Killed a water elemental
   157 | D        | Reached skill level 5 in Fighting
   157 | D        | Reached skill level 5 in Dodging
   157 | D        | Reached skill level 6 in Unarmed Combat
   157 | D        | Reached XP level 5. HP: 11/57 MP: 4/4
   158 | D        | Killed a white draconian scorcher
   174 | D        | Killed a hellion
   176 | D        | Killed a hellion
   177 | D        | Killed a hellion
   178 | D        | Killed a hellion
   192 | D        | Killed a white draconian scorcher
   198 | D        | Killed a hellion
   243 | D        | Found a glowing silver altar of Zin.
   246 | D        | Found a glowing golden altar of the Shining One.
   246 | D        | Found a white marble altar of Elyvilon.
   246 | D        | Noticed a deep elf mage
   254 | D        | Killed a deep elf mage
   254 | D        | Reached skill level 9 in Unarmed Combat
   254 | D        | Reached XP level 6. HP: 71/71 MP: 5/5
   254 | D        | Reached XP level 7. HP: 78/78 MP: 6/6
   258 | D        | Found a hide-covered altar of Uskayaw.
   258 | D        | Found a roughly hewn altar of Beogh.
   258 | D        | Found an iron altar of Okawaru.
   258 | D        | Found a bloodstained altar of Trog.
   258 | D        | Found an ornate altar of the Wu Jian Council.
   258 | D        | Noticed a human
   258 | D        | Killed a hellion
   259 | D        | Noticed a human
   261 | D        | Killed a human
   261 | D        | Reached skill level 10 in Unarmed Combat
   266 | D        | Killed a human
   274 | D        | Became a worshipper of Warmaster Okawaru
   274 | D        | Reached * piety under Okawaru
   274 | D        | Reached ** piety under Okawaru
   284 | D        | Found a radiant altar of Vehumet.
   284 | D        | Found a deep blue altar of Sif Muna.
   284 | D        | Found an ancient bone altar of Kikubaaqudgha.
   306 | D        | Found a basalt altar of Yredelemnul.
   306 | D        | Found a shadowy altar of Dithmenos.
   306 | D        | Found a sacrificial altar of Ru.
   310 | D        | Reached skill level 11 in Unarmed Combat
   321 | D        | Noticed a shadow
   328 | D        | Killed a shadow
   328 | D        | Reached XP level 8. HP: 49/88 MP: 7/7
   397 | D        | Found a blossoming altar of Fedhas.
   397 | D        | Found a stormy altar of Qazlal.
   398 | D        | Found a snail-covered altar of Cheibriados.
   398 | D        | Found a burning altar of Makhleb.
   398 | D        | Found a hazy altar of Hepliaklqana.
   398 | D        | Found a shimmering altar of Xom.
   398 | D        | Found an opulent altar of Gozag.
   398 | D        | Found a sparkling altar of Nemelex Xobeh.
   398 | D        | Found a corrupted altar of Lugonu.
   398 | D        | Found a viscous altar of Jiyva.
   437 | D        | Reached skill level 12 in Unarmed Combat
   472 | D        | Noticed a two-headed ogre
   478 | D        | Killed a two-headed ogre
   478 | D        | Reached *** piety under Okawaru
   503 | D        | Noticed a two-headed ogre
   503 | D        | Noticed Erolcha
   507 | D        | Paralysed by Erolcha for 2 turns
   510 | D        | Killed Erolcha
   510 | D        | Reached skill level 14 in Unarmed Combat
   510 | D        | Reached XP level 9. HP: 98/98 MP: 5/8
   514 | D        | Killed a two-headed ogre
   535 | D        | Reached **** piety under Okawaru
   727 | D        | Found Naulowoi's Weapon Shop.
   727 | D        | Noticed an orc sorcerer
   779 | D        | Killed an orc sorcerer
   779 | D        | Reached skill level 10 in Dodging
   779 | D        | Reached skill level 15 in Unarmed Combat
   831 | D        | Reached XP level 10. HP: 107/107 MP: 9/9
   915 | D        | Noticed a deep elf knight
   915 | D        | Noticed a deep elf mage
   915 | D        | Noticed a deep elf mage
   915 | D        | Noticed a deep elf mage
   915 | D        | Noticed a deep elf knight
   940 | D        | Killed a deep elf knight
   940 | D        | Reached skill level 16 in Unarmed Combat
   940 | D        | Reached skill level 1 in Invocations
   943 | D        | Killed a deep elf mage
   947 | D        | HP: 5/109 [fire elemental[a deep elf mage] (12)]
   947 | D        | Slain by a fire elemental

Vault maps used:
D:        dungeon_sprint_mu

Skill      XL: |  1  2  3  4  5  6  7  8  9 10 |
---------------+-------------------------------+-----
Fighting       | 3 4 5 7 8 9 |  9.6
Dodging        | 3 4 5 7 8 9 10 | 10.6
Unarmed Combat | 4 5 6 9 11 14 15 16 | 16.6
Stealth        | 2 3 |  3.8
Invocations    | 1 |  1.2

Action                   |  1- 3 |  4- 6 |  7- 9 | 10-12 || total
-------------------------+-------+-------+-------+-------++-------
Melee: Unarmed           |    29 |     9 |    84 |    25 ||   147
       Punch             |     1 |       |     3 |     2 ||     6
Invok: Heroism           |       |       |     2 |     1 ||     3
  Use: Potion            |       |     1 |     1 |       ||     2
 Stab: Sleeping          |       |       |     1 |       ||     1
  Eat: Chunk             |     7 |     1 |     5 |     1 ||    14
Armor: Robe              |     1 |     2 |     9 |     9 ||    21
Dodge: Dodged            |     9 |     3 |    52 |    21 ||    85

Table legend:
 A = Spawn XP
 B = Non-spawn XP
 C = Spawn XP percentage of total XP
 D = Spawn monster count
 E = Non-spawn monster count
 F = Spawn count percentage of total count
 G = Total turns spent on level
                    A         B        C        D         E        F      G
               +---------+---------+-------+---------+---------+-------+---------
         Total |       0 |    7001 |   0.0 |       0 |      44 |   0.0 |   947
               +---------+---------+-------+---------+---------+-------+---------
             D |       0 |    7001 |   0.0 |       0 |      44 |   0.0 |   947
               +---------+---------+-------+---------+---------+-------+---------
